 Dungeon Crawl Stone Soup version 0.24.0-13-gcf9b3192b9 (webtiles) character file.

Game seed: 14901428514042167055, levelgen mode: deterministic

53 DavidChitty2 the Skirmisher (level 3, -1/33 HPs)
             Began as a Minotaur Fighter on Nov 5, 2019.
             Slain by an adder (4 damage)
             ... on level 2 of the Dungeon.
             The game lasted 00:01:47 (1101 turns).

DavidChitty2 the Skirmisher (Minotaur Fighter)      Turns: 1101, Time: 00:01:48

Health: -1/33      AC: 10    Str: 21    XL:     3   Next: 62%
Magic:  2/2        EV:  5    Int:  5    God:
Gold:   66         SH:  9    Dex:  9    Spells: 2/2 levels left

rFire    . . .     SeeInvis .   a - +0 war axe
rCold    . . .     Gourm    .   c - +0 shield
rNeg     + . .     Faith    .   i - +0 chain mail
rPois    .         Spirit   .   l - +1 hat
rElec    .         Reflect  .   (no cloak)
rCorr    .         Harm     .   (no gloves)
MR       .....                  (no boots)
Stlth    ..........             j - amulet of inaccuracy (curse)
HPRegen  0.11/turn              f - ring of positive energy
MPRegen  0.08/turn              (no ring)

@: lethally poisoned (-1 -> -4)
A: retaliatory headbutt, horns 2
a: no special abilities


You were on level 2 of the Dungeon.
You were not hungry.

You visited 1 branch of the dungeon, and saw 2 of its levels.

You collected 66 gold pieces.

Inventory:

Hand Weapons
 a - a +0 war axe (weapon)
Armour
 c - a +0 shield (worn)
 i - a +0 chain mail (worn)
   (You found it on level 1 of the Dungeon)
 l - a +1 hat (worn)
   (You found it on level 1 of the Dungeon)
Jewellery
 f - a ring of positive energy (left hand)
   (You found it on level 1 of the Dungeon)
 j - a cursed amulet of inaccuracy (around neck)
   (You found it on level 1 of the Dungeon)
 k - an uncursed amulet of the gourmand {unknown}
   (You found it on level 1 of the Dungeon)
Scrolls
 b - 3 scrolls of identify {@r1}
 m - a scroll of remove curse {unknown}
Potions
 d - a potion of might
 h - a potion of flight
Comestibles
 e - 3 rations {!d}
 g - 10 chunks of flesh


   Skills:
 + Level 4.1 Fighting
 * Level 3.5 Axes
 + Level 4.1 Armour
 + Level 4.1 Shields


You had 2 spell levels left.
You didn't know any spells.
Your spell library was empty.

Dungeon Overview and Level Annotations

Branches:
Dungeon (2/15)

Altars:


Innate Abilities, Weirdness & Mutations

You reflexively headbutt those who attack you in melee.
You have a pair of horns on your head.


Message History

The adder barely misses you.
You completely miss the adder. Your headbutt misses the adder.
The adder bites you but does no damage.
You miss the adder. You closely miss the rat.
You feel sick. You block the adder's attack. You block the rat's attack.
The adder barely misses you. You block the rat's attack.
You barely miss the adder. You hit the rat.
You kill the rat!
You block the adder's attack. x2
You closely miss the adder. You block the adder's attack.
The adder bites you but does no damage.
You closely miss the adder. Your headbutt misses the adder.
You feel sick.
The adder bites you but does no damage. x2
You miss the adder. You block the adder's attack.
The adder bites you but does no damage.
You miss the adder. You block the adder's attack. The adder bites you.
* * * LOW HITPOINT WARNING * * *
You completely miss the adder. Your headbutt misses the adder.
You feel sick.
You are no longer poisoned.
You block the adder's attack.
You miss the adder.
The adder bites you but does no damage. x2
You miss the adder. The adder bites you.
* * * LOW HITPOINT WARNING * * *
The adder bites you but does no damage.
You completely miss the adder.
The adder bites you but does no damage. x2
Unknown command.
You closely miss the adder. Your headbutt misses the adder.
The adder bites you.
* * * LOW HITPOINT WARNING * * *
The adder bites you but does no damage.
Your chain mail prevents you from hitting the adder.
Your headbutt misses the adder. You block the adder's attack.
The adder bites you.
* * * LOW HITPOINT WARNING * * *
You are lethally poisoned!
The adder poisons you!
Okay, then.
Unknown command.
You miss the adder.
* * * LOW HITPOINT WARNING * * *
You feel sick. The adder bites you but does no damage.
You block the adder's attack.
You completely miss the adder. Your headbutt misses the adder.
* * * LOW HITPOINT WARNING * * *
You feel sick. The adder bites you but does no damage.
Okay, then.
As you read the scroll labeled AVAGUO YTHRIZ, it crumbles to dust.
You feel aware of your surroundings.
It was a scroll of magic mapping.
The adder bites you.
You die...

*,,,,,..#.......# #..........#
***,#*###.#.......####..........#
,,.,#.,...+.<.....#.............#
**.S#..#..#.......##.#...........
+,,...,...#.......##.#...........
**,,#..,#.#....÷.÷)..+...........
**..#...#........###.#...........
,,........÷...............###....
*,............#S@......#...#*####
*,#.......###.#..#.#####.#.## ***
*,#.......#*#.#.....####.#..###,,
,,...)....+,..................+,>
*,..#.....#*#.#.##..)........##,,
*,.....##..,..#.#*..########.###+
,,,....*.........,...#.....<.....
,,,,,,,*,,#..,..,,,.......#...##.
*,,,<,,*,,***,*,***,,....,#...##.


You could see an adder.

Vanquished Creatures
  A gnoll (D:1)
  An adder (D:2)
  A worm (D:2)
  2 leopard geckos (D:2)
  2 ball pythons (D:2)
  4 bats
  2 goblins
  5 hobgoblins (D:1)
  7 kobolds
  A frilled lizard (D:1)
  3 rats
29 creatures vanquished.

Notes
Turn   | Place    | Note
-------+----------+-------------------------------------------
     0 | D:1      | DavidChitty2 the Minotaur Fighter began the quest for the
                  | Orb.
     0 | D:1      | Reached XP level 1. HP: 19/19 MP: 0/0
   200 | D:1      | Reached XP level 2. HP: 27/27 MP: 1/1
   659 | D:1      | Reached XP level 3. HP: 33/33 MP: 2/2
  1101 | D:2      | Slain by an adder

Levels and vault maps discovered:
D:1:      minmay_arrival_semitransparent, layout_basic,
          chequers_serial_rivers_micro_e
D:2:      layout_basic, minivault_14

Skill      XL: |  1  2  3 |
---------------+----------+-----
Axes           | 3 |  3.5
Fighting       | 4 |  4.1
Armour         | 4 |  4.1
Shields        | 4 |  4.1

Action                   || total
-------------------------++-------
Melee: War axe           ||   108
       Headbutt          ||     9
  Use: Scroll            ||     2
  Eat: Chunk             ||     1
Armor: Scale mail        ||     7
       Chain mail        ||    63
Dodge: Dodged            ||    33
Block: Shield            ||    72
